 Dungeon Sprint DCSS version 0.22.1-1-ga44c0e56f4 (webtiles) character file.

7 MuseOD the Sneak (level 1, -4/15 HPs)
             Began as a Spriggan Enchanter on Sept 27, 2018.
             Slain by a human (5 damage)
             ... in the Dungeon (Sprint III: "The Ten Rune Challenge").
             The game lasted 00:00:40 (505 turns).

MuseOD the Sneak (Spriggan Enchanter)                Turns: 505, Time: 00:00:41

Health: -4/15      AC:  2    Str:  9    XL:     1   Next: 83%
Magic:  5/5        EV: 18    Int: 16    God:
Gold:   0          SH:  0    Dex: 16    Spells: 4/5 levels left

rFire    . . .     SeeInvis +   a - +1 dagger
rCold    . . .     Gourm    .   (shield restricted)
rNeg     . . .     Faith    .   b - +0 robe
rPois    .         Spirit   .   (helmet restricted)
rElec    .         Reflect  .   (no cloak)
rCorr    .         Harm     .   (gloves unavailable)
MR       .....     NoTele   +   (boots unavailable)
Stlth    ..........             (no amulet)
HPRegen  0.05/turn              (no ring)
MPRegen  0.09/turn              (no ring)

@: berserking (expiring), very quick
A: very small, unfitting armour, see invisible, herbivore, speed 3, slow
metabolism 2
a: no special abilities


You were in the Dungeon.
You were not hungry.

You visited 1 branch

Inventory:

Hand Weapons
 a - a +1 dagger (weapon)
Armour
 b - a +0 robe (worn)
Scrolls
 j - a scroll of blinking
Potions
 e - a potion of curing
 f - a potion of heal wounds
 g - a potion of haste
 h - 2 potions of magic
Comestibles
 d - 2 rations


   Skills:
 + Level 1.2 Fighting
 * Level 3.0 Short Blades
 - Level 3.0 Dodging
 + Level 5.3 Stealth
 - Level 2.6 Spellcasting
 - Level 3.6 Hexes


You had 4 spell levels left.
You knew the following spells:

 Your Spells              Type           Power        Failure   Level  Hunger
a - Corona                Hex            ##.....      4%          1    #......

Your spell library contained the following spells:

 Spells                   Type           Power        Failure   Level  Hunger
 Confuse                  Hex            ##......     13%         3    ###....
 Tukima's Dance           Hex            ##......     13%         3    ###....
 Ensorcelled Hibernation  Hex/Ice        #.....       14%         2    ##.....
 Dazzling Spray           Conj/Hex       #.....       28%         3    ###....


Dungeon Overview and Level Annotations

Branches:
Dungeon (1/1)

Altars:

Annotations:
D Crazy Yiuf


Innate Abilities, Weirdness & Mutations

You are very small and have problems with some larger weapons.
You are too small for most types of armour.
You have supernaturally acute eyesight. (SInv)
You are a herbivore.
You cover ground extremely quickly.
You need to consume almost no food.


Message History

The human is severely wounded.
The human hits you!
Ouch! That really hurt!
You barely miss the human.
The human is severely wounded.
You hit the human.
The human is severely wounded.
The human hits you but does no damage.
You puncture the human!
The human is almost dead.
You miss the human.
The human is almost dead.
The human hits you.
* * * LOW HITPOINT WARNING * * *
You hit the human but do no damage.
The human is almost dead.
You closely miss the human.
The human is almost dead.
The human hits you.
You die...

▓..# #....♣♣
▓#'####.....♣
▓.....#....≈♣♣♣
▓.....#g..≈≈♣.♣♣♣
▓....(#..≈≈≈≈.♣...
▓####'#..≈≈≈≈≈≈♣..
▓...†.#.≈≈≈≈≈≈....
▓...†.#.≈≈≈≈≈.....
▓@....#.≈≈≈.......
▓p#####...........
▓.................
▓▓▓▓▓▓▓▓▓▓▓▓▓▓▓▓▓▓


You could see a human.

Vanquished Creatures
  An ooze (D)
  3 rats (D)
4 creatures vanquished.

Vanquished Creatures (others)
  2 draconian scorchers (D)
  6 hellions (D)
  2 yaktaurs (D)
10 creatures vanquished.

Grand Total: 14 creatures vanquished

Notes
Turn   | Place    | Note
-------+----------+-------------------------------------------
     0 | D        | MuseOD the Spriggan Enchanter began the quest for the Orb.
     0 | D        | Reached XP level 1. HP: 9/9 MP: 5/5
    22 | D        | Reached skill level 1 in Fighting
    22 | D        | Reached skill level 5 in Stealth
    52 | D        | Killed a yaktaur
   122 | D        | Killed a hellion
   153 | D        | Killed a hellion
   178 | D        | Killed a hellion
   225 | D        | Killed a hellion
   228 | D        | Killed a white draconian scorcher
   239 | D        | Killed a white draconian scorcher
   268 | D        | Killed a hellion
   271 | D        | Killed a hellion
   450 | D        | Noticed Crazy Yiuf
   482 | D        | Killed a yaktaur
   505 | D        | Slain by a human

Skill      XL: |  1 |
---------------+----+-----
Fighting       | 1 |  1.2
Short Blades   | 3 |  3.0
Stealth        | 5 |  5.3
Dodging        | |  3.0
Spellcasting   | |  2.6
Hexes          | |  3.6

Action                   || total
-------------------------++-------
Melee: Dagger            ||    36
  Use: Potion            ||     1
 Stab: Sleeping          ||     2
Armor: Robe              ||     1
Dodge: Dodged            ||    15
